 Dungeon Crawl Stone Soup version 0.21.1-1-g345015f (webtiles) character file.

165 sking99 the Skirmisher (level 5, -2/42 HPs)
             Began as a Formicid Abyssal Knight on June 30, 2018.
             Was a Believer of Lugonu.
             Slain by an ice beast (14 damage)
             ... on level 3 of the Dungeon.
             The game lasted 00:05:42 (1613 turns).

sking99 the Skirmisher (Formicid Abyssal Knight)    Turns: 1613, Time: 00:05:43

Health: -2/42      AC:  5    Str: 15 (18) XL:     5   Next: 74%
Magic:  7/7        EV:  7    Int: 14 (16) God:    Lugonu [**....]
Gold:   88         SH:  6    Dex:  8 (10) Spells: 4/4 levels left

rFire    . . .     SeeInvis +   a - +1 falchion
rCold    . . .     Gourm    .   f - +0 shield
rNeg     . . .     Faith    .   i - +0 ring mail
rPois    .         Spirit   .   (helmet unavailable)
rElec    .         Reflect  .   (no cloak)
rCorr    .         Harm     .   (no gloves)
MR       .....                  (no boots)
Stlth    ..........             (no amulet)
HPRegen  0.14/turn              (no ring)
MPRegen  0.10/turn              (no ring)

@: brilliant
A: permanent stasis, dig shafts and tunnels, four strong arms, antennae 3
a: Dig, Shaft Self, Depart the Abyss, Bend Space, Renounce Religion


You were on level 3 of the Dungeon.
You worshipped Lugonu.
Lugonu was pleased with you.
You were very hungry.

You visited 1 branch of the dungeon, and saw 4 of its levels.
You visited the Abyss 1 time.

You collected 88 gold pieces.

Inventory:

Hand Weapons
 a - a +1 falchion (weapon)
Armour
 b - a +0 leather armour
 f - a +0 shield (worn)
 i - a +0 ring mail (worn)
 m - a +0 buckler
Jewellery
 d - an uncursed ring of poison resistance {unknown}
Scrolls
 e - a scroll of identify {unknown}
 h - a scroll of immolation {unknown}
 j - a scroll of remove curse {unknown}
 l - a scroll of enchant armour {unknown}
Potions
 g - a potion of brilliance
 n - a potion of degeneration
Comestibles
 c - 6 rations


   Skills:
 + Level 4.3 Fighting
 * Level 4.1 Long Blades
 - Level 2.1 Armour
 - Level 0.8 Dodging
 + Level 3.7 Invocations


You had 4 spell levels left.
You didn't know any spells.

Dungeon Overview and Level Annotations

Branches:
Dungeon (4/15)
 Temple: D:4-7

Altars:
Zin


Innate Abilities, Weirdness & Mutations

You cannot be hasted, slowed, berserked, paralysed or teleported.
You can dig through walls and to a lower floor.
Your four strong arms can wield two-handed weapons with a shield.
You have a pair of large antennae on your head. (SInv)


Message History

The ice beast is lightly wounded.
The ice beast closely misses you.
You hit the ice beast.
The ice beast is moderately wounded.
The ice beast hits you. The ice beast freezes you!
You closely miss the ice beast.
The ice beast is moderately wounded.
The ice beast barely misses you.
You riposte.
You hit the ice beast but do no damage.
The ice beast is moderately wounded.
The ice beast closely misses you.
You closely miss the ice beast.
The ice beast is moderately wounded.
The ice beast hits you. The ice beast freezes you!
You hit the ice beast but do no damage.
The ice beast is moderately wounded.
The ice beast hits you.
* * * LOW HITPOINT WARNING * * *
The ice beast freezes you!
You die...

#. #. #.##..
####....# #.......#
#.......####
........##Y##
.....{..#.#@#
......{.Y####
##.###.## .### ##.#
##{##
........#####.####...
%..Y. .....{.>.......
..S..........K...##..
......#....?.....#
....o.......{....#


You could see an ice beast.

Vanquished Creatures
  A scorpion (D:4)
  A howler monkey (D:2)
  A bullfrog skeleton (D:4)
  An adder skeleton (D:4)
  A dart slug (D:2)
  5 orcs
  4 bats
  5 giant cockroaches
  4 goblins (D:1)
  2 hobgoblins
  5 jackals
  A quokka (D:4)
  4 frilled lizards
  3 kobolds
  4 rats
42 creatures vanquished.

Notes
Turn   | Place    | Note
-------+----------+-------------------------------------------
     0 | Abyss:1  | sking99 the Formicid Abyssal Knight began the quest for the Orb.
     0 | Abyss:1  | Reached XP level 1. HP: 18/18 MP: 2/2
    16 | D:1      | Escaped the Abyss
   310 | D:1      | Reached XP level 2. HP: 24/24 MP: 3/3
   731 | D:2      | Noticed a howler monkey
   745 | D:2      | Killed a howler monkey
   745 | D:2      | Reached XP level 3. HP: 4/30 MP: 3/5
   745 | D:2      | Reached XP level 4. HP: 5/37 MP: 3/6
   752 | D:2      | You fall through a shaft!
   752 | D:3      | Noticed an ice beast
   755 | D:3      | You fall through a shaft!
  1297 | D:4      | Reached XP level 5. HP: 34/42 MP: 7/7
  1409 | D:4      | Noticed an ogre
  1463 | D:4      | Reached ** piety under Lugonu
  1495 | D:4      | Found a glowing silver altar of Zin.
  1613 | D:3      | Slain by an ice beast

Skill      XL: |  1  2  3  4  5 |
---------------+----------------+-----
Long Blades    | 3 4 |  4.1
Invocations    | 3 |  3.7
Fighting       | 4 |  4.3
Armour         | |  2.1
Dodging        | |  0.8

Action                   |  1- 3 |  4- 6 || total
-------------------------+-------+-------++-------
Melee: Falchion          |    58 |    90 ||   148
Invok: Bend Space        |       |     3 ||     3
 Abil: Shaft Self        |       |     2 ||     2
       Dig               |       |     8 ||     8
  Use: Potion            |       |     4 ||     4
  Eat: Chunk             |       |     3 ||     3
Armor: Ring mail         |    40 |    41 ||    81
       Leather armour    |     3 |       ||     3
Dodge: Dodged            |    46 |    42 ||    88
Block: Buckler           |     1 |     2 ||     3
       Shield            |       |    33 ||    33
       Rpst.: Falchion   |    16 |    14 ||    30
